 Dungeon Crawl Stone Soup version 0.29.1-13-g9f3cf754e1 (webtiles) character file.

Game seed: 697200202427921431

10511 Kold the Basher (level 11, -7/89 HPs)
             Began as a Formicid Fighter on Jan 31, 2023.
             Was a Believer of Cheibriados.
             Engulfed by a cloud of freezing vapour (11 damage)
             ... in an ice cave.
             The game lasted 00:20:58 (12397 turns).

Kold the Basher (Formicid Fighter)                 Turns: 12397, Time: 00:20:58

Health: -7/89      AC: 22    Str: 30    XL:     11   Next: 94%
Magic:  12/12      EV: 10    Int: 11    God:    Cheibriados [**....]
Gold:   1331       SH:  7    Dex: 17    Spells: 10/10 levels left

rFire   . . .      SeeInvis +   w - +3 flail (vorpal)
rCold   + . .      Faith    .   c - +0 buckler
rNeg    . . .      Spirit   .   A - +2 scale mail {rC+}
rPois   .          Reflect  .   (helmet unavailable)
rElec   .          Harm     .   y - scarf {repulsion}
rCorr   .          Rampage  .   F - +0 pair of gloves
Will    +....                   i - +1 pair of boots
Stlth   ..........              u - amulet of the acrobat
HPRegen 0.24/turn               o - +4 ring of protection
MPRegen 0.13/turn               p - +4 ring of protection

@: mighty, repel missiles, very slow
A: permanent stasis, dig shafts and tunnels, antennae 3, four strong arms
a: Dig, Renounce Religion, Bend Time


You were in an ice cave.
You worshipped Cheibriados.
Cheibriados was pleased with you.
You visited 3 branches of the dungeon, and saw 13 of its levels.
You also visited: Sewer and Ice Cave.

You collected 1331 gold pieces.

Inventory:

Hand Weapons
 h - a -2 demon whip of venom
 w - a +3 vorpal flail (weapon)
Missiles
 E - 2 throwing nets
Armour
 b - a +0 scale mail
 c - a +0 buckler (worn)
 i - a +1 pair of boots (worn)
 q - a +4 chain mail
 y - a scarf of repulsion (worn)
 A - a +2 scale mail of cold resistance (worn)
 F - a +0 pair of gloves (worn)
Jewellery
 e - a ring of fire
 o - a +4 ring of protection (left hand)
 p - a +4 ring of protection (right hand)
 u - an amulet of the acrobat (around neck)
 B - a ring of fire
Wands
 n - a wand of acid (1)
 x - a wand of polymorph (3)
 z - a wand of digging (5)
 C - a wand of flame (12)
 D - a wand of iceblast (6)
Scrolls
 f - 2 scrolls of fear
 g - a scroll of identify
 j - 2 scrolls of magic mapping
 k - 5 scrolls of enchant armour
 v - 5 scrolls of fog
Potions
 a - a potion of brilliance
 d - 2 potions of might
 l - 3 potions of flight
 m - a potion of invisibility
 r - 3 potions of curing
 s - 2 potions of ambrosia
 t - 3 potions of attraction {unknown}


   Skills:
 + Level 9.5 Fighting
 * Level 11.6 Maces & Flails
 + Level 9.5 Armour
 - Level 11.0 Shields
 + Level 2.5 Invocations


You had 10 spell levels left.
You didn't know any spells.
Your spell library contained the following spells:

 Spells                   Type           Power      Damage    Failure   Level
 Apportation              Tloc           0%         N/A       58%         1
 Beastly Appendage        Tmut           0%         N/A       58%         1
 Ensorcelled Hibernation  Hex/Ice        0%         N/A       75%         2
 Sublimation of Blood     Necr           0%         N/A       75%         2
 Wereblood                Tmut           0%         N/A       75%         2
 Spider Form              Tmut/Pois      0%         N/A       92%         3
 Anguish                  Hex/Necr       0%         N/A       100%        4
 Petrify                  Tmut/Erth      0%         N/A       100%        4
 Alistair's Intoxication  Tmut/Pois      0%         N/A       100%        5
 Irradiate                Conj/Tmut      0%         3d11      100%        5


Dungeon Overview and Level Annotations

Branches:
Dungeon (8/15)             Temple (1/1) D:7            Lair (4/5) D:8
  Sewer (visited)           IceCv (1/1)
  Swamp: Lair:2-3    Shoals: Lair:2-3     Snake: Lair:2-3    Spider: Lair:2-3
  Slime: Lair:4-5

Altars:
Ashenzari
Cheibriados
Dithmenos
Elyvilon
Fedhas
Gozag
Hepliaklqana
Kikubaaqudgha
Makhleb
Nemelex Xobeh
Okawaru
Qazlal
Ru
Sif Muna
Trog
Uskayaw
Vehumet
Xom
Zin
The Shining One

Shops:
D:3 (   D:4 !   D:5 :

Annotations:
D:6 3 runed translucent doors, Colokkon's ghost, novice DgHu
Lair:4 khekkus's ghost, journeyman HOFi IceCv exclusion: 2 ice statues


Innate Abilities, Weirdness & Mutations

You cannot be hasted, slowed, berserked, paralysed or teleported.
You can dig through walls and to a lower floor.
You have a pair of large antennae on your head. (SInv)
Your four strong arms can wield two-handed weapons with a shield.


Message History

You are engulfed in freezing vapours.
You resist. You block the ice beast's attack. The ice beast closely misses you.
The ice beast hits you but does no damage.
You block the ice beast's attack.
You thump the ice statue!
You destroy the ice statue!
Cheibriados appreciates the change of pace.
The ice beast disappears in a puff of smoke! x3
You are engulfed in freezing vapours.
You resist.
* * * LOW HITPOINT WARNING * * *
The ice beast hits you but does no damage.
You block the ice beast's attack.
Unknown command.
You sock the ice beast!
The ice beast is moderately wounded.
You are engulfed in freezing vapours.
You resist.
* * * LOW HITPOINT WARNING * * *
You block the ice beast's attack.
The ice beast hits you but does no damage. x2
You barely miss the ice beast.
The ice beast is moderately wounded.
You are engulfed in freezing vapours.
You resist.
The ice beast hits you but does no damage.
The ice beast closely misses you.
The ice statue gestures.
The ice beast hits you but does no damage.
The ice beast barely misses you.
You barely miss the ice beast.
The ice beast is moderately wounded.
You are engulfed in freezing vapours.
You resist.
* * * LOW HITPOINT WARNING * * *
The ice beast hits you but does no damage. x2
The ice statue gestures at you.
The bolt of cold hits the ice beast.
The ice beast completely resists.
The bolt of cold is repelled.
You bludgeon the ice beast!!
You kill the ice beast!
The ice beast disappears in a puff of smoke!
You are engulfed in freezing vapours.
You resist.
You die...

# ## .#####
############# .....##
##...).#.....##
......###......#......##
.......#.......#.......#
.∩..∩..........°..○....8
.......#.......#§Y°...Y#
......###.....(#@Y....##
.....## ##...[.#○Y..8##
###### #############


You could see 2 ice statues and 4 ice beasts.

Vanquished Creatures
  Gastronok (Lair:1)
  Erica (D:8)
  Amaemon (Lair:1)
  An ugly thing (IceCv)
  3 black mambas
  An ice statue (IceCv)
  An orange demon (Lair:1)
  2 komodo dragons
  3 rime drakes
  3 cane toads (Lair:1)
  Prince Ribbit (D:5)
  Grinder (D:6)
  2 dire elephant simulacra (IceCv)
  A basilisk (Lair:1)
  An orc warrior (D:7)
  A water moccasin (D:7)
  An ice beast (D:6)
  2 sky beasts
  A black bear (D:4)
  2 centaurs
  A phantom (D:5)
  A kobold brigand (Sewer)
  8 bullfrogs
  4 scorpions
  2 cane toad simulacra (IceCv)
  5 wights (D:8)
  2 elephant simulacra (IceCv)
  4 howler monkeys
  8 hounds
  2 jellies (D:6)
  A gnoll bouda (D:7)
  5 orc priests
  4 iguanas
  Jessica (D:2)
  5 orc wizards
  2 wolf simulacra (IceCv)
  The ghost of Sapher the Digger, a weakling MeEE (D:3)
  9 adders
  15 gnolls
  A river rat (Sewer)
  A shadow imp (D:8)
  2 white imps
  An ufetubus (D:4)
  3 worms
  2 dart slugs
  21 orcs
  3 endoplasms
  4 giant cockroaches
  9 goblins
  6 hobgoblins
  7 jackals
  5 quokkas
  14 ball pythons
  9 bats
  4 frilled lizards
  15 kobolds
  13 rats
230 creatures vanquished.

Vanquished Creatures (others)
  A rat (D:3)
  2 fungi
  25 plants
  3 withered plants (D:6)
31 creatures vanquished.

Grand Total: 261 creatures vanquished

Notes
Turn   | Place    | Note
-------+----------+-------------------------------------------
     0 | D:1      | Kold the Formicid Fighter began the quest for the Orb.
     0 | D:1      | Reached XP level 1. HP: 18/18 MP: 1/1
    52 | D:1      | Reached XP level 2. HP: 24/24 MP: 2/2
   738 | D:1      | You fall into a shaft and drop 1 floor!
   758 | D:2      | Reached XP level 3. HP: 28/29 MP: 3/3
  1310 | D:1      | Found a faded altar of an unknown god.
  1434 | D:1      | Reached XP level 4. HP: 37/37 MP: 4/4
  1715 | D:2      | Noticed Jessica
  1720 | D:2      | Killed Jessica
  1791 | D:2      | Reached XP level 5. HP: 42/42 MP: 5/5
  2328 | D:3      | Reached skill level 5 in Shields
  2355 | D:3      | Noticed a sky beast
  2371 | D:3      | Found a transporter.
  2371 | D:3      | Noticed Sapher's ghost (weakling MeEE)
  2374 | D:3      | Found a transporter.
  2535 | D:3      | Found a burning altar of Makhleb.
  2682 | D:3      | Found Zirufax's Weapon Shop.
  2846 | D:3      | Reached XP level 6. HP: 4/48 MP: 6/6
  2848 | D:3      | You fall into a shaft and drop 3 floors!
  3145 | D:5      | Entered Level 5 of the Dungeon
  3268 | D:5      | Reached XP level 7. HP: 20/55 MP: 7/7
  3500 | D:5      | Found Koguezul's Book Shoppe.
  3511 | D:5      | Reached skill level 5 in Maces & Flails
  3554 | D:5      | Found a glowing drain.
  3571 | Sewer    | Entered a sewer
  3650 | Sewer    | Reached skill level 5 in Fighting
  3650 | Sewer    | Reached skill level 5 in Armour
  3671 | Sewer    | Found a white marble altar of Elyvilon.
  4049 | D:5      | Reached XP level 8. HP: 55/62 MP: 8/8
  5094 | D:3      | Killed Sapher's ghost
  5260 | D:4      | Found Gepiqes's Distillery.
  6035 | D:6      | Noticed Prince Ribbit
  6078 | D:5      | Killed Prince Ribbit
  6079 | D:5      | Reached XP level 9. HP: 58/69 MP: 9/9
  6140 | D:6      | Noticed Grinder
  6163 | D:6      | Killed Grinder
  6303 | D:6      | Found a blossoming altar of Fedhas.
  6307 | D:6      | Found an ancient bone altar of Kikubaaqudgha.
  6470 | D:6      | Found a runed translucent gate.
  6471 | D:6      | Found a runed translucent gate.
  6471 | D:6      | Noticed Colokkon's ghost (novice DgHu)
  6472 | D:6      | Found a runed translucent gate.
  6478 | D:6      | Noticed a kobold demonologist
  7128 | D:7      | Found a staircase to the Ecumenical Temple.
  7392 | Temple   | Entered the Ecumenical Temple
  7696 | Temple   | Became a worshipper of Cheibriados the Contemplative
  8041 | D:8      | Reached XP level 10. HP: 43/77 MP: 10/10
  8570 | D:8      | Noticed a komodo dragon
  8571 | D:8      | Found a staircase to the Lair.
  8598 | D:8      | Killed a komodo dragon
  8855 | D:8      | Identified a scroll of acquirement
  8855 | D:8      | Acquired 784 gold pieces
  9057 | D:8      | Found a white marble altar of Elyvilon.
  9074 | D:8      | Found a glowing golden altar of the Shining One.
  9186 | Lair:1   | Entered Level 1 of the Lair of Beasts
  9186 | Lair:1   | Noticed Erica
  9186 | Lair:1   | Noticed a cane toad
  9203 | D:8      | Killed Erica
  9316 | Lair:1   | Killed a cane toad
  9433 | Lair:1   | Noticed a black mamba
  9433 | Lair:1   | Noticed an orange demon
  9446 | Lair:1   | Killed a black mamba
  9446 | Lair:1   | Reached * piety under Cheibriados
  9589 | Lair:1   | Killed an orange demon
  9589 | Lair:1   | Noticed Amaemon
  9599 | Lair:1   | Killed Amaemon
  9600 | Lair:1   | Reached skill level 10 in Maces & Flails
  9600 | Lair:1   | Reached skill level 10 in Shields
  9600 | Lair:1   | Reached XP level 11. HP: 60/87 MP: 11/11
  9836 | Lair:1   | Noticed Gastronok
  9929 | Lair:1   | Killed Gastronok
 11190 | Lair:2   | You fall into a shaft and drop 2 floors!
 11282 | Lair:4   | Noticed khekkus's ghost (journeyman HOFi)
 11308 | Lair:4   | Found a frozen archway.
 11317 | Lair:4   | Reached skill level 1 in Invocations
 11330 | IceCv    | Entered an ice cave
 11353 | IceCv    | Reached ** piety under Cheibriados
 11668 | IceCv    | Noticed a white ugly thing
 11679 | IceCv    | Killed a white ugly thing
 12396 | IceCv    | HP: 4/89 [something (8)]
 12397 | IceCv    | Engulfed by a cloud of freezing vapour

Illustrated notes

Levels and vault maps discovered:
D:1:      shiori_arrival_elements, layout_loops_ring,
          ebering_ecumenical_altar_mist, minmay_tetromino_l2
D:2:      layout_loops_ring, minmay_randomly_rotated_circles, uniq_jessica
D:3:      layout_loops_corners, mainiacjoe_overflow_paths,
          gammafunk_ghost_arena, serial_shops, nicolae_shop_bloodbath_and_beyond
D:4:      layout_loops_ring, serial_shops, shop, minmay_distorted
D:5:      layout_loops_ring, serial_shops, shop, portal_sewer_entry_b
D:6:      layout_rooms, grunt_temple_overflow_growth_and_decay,
          gammafunk_ghost_nasty_kobolds, uniq_grinder, uniq_prince_ribbit1
D:7:      layout_loops_ring, minmay_temple_entry_proselytizer
D:8:      layout_loops_ring, minitemple, david_lair_shrubbed
Temple:   regret_index_temple_generic_petals
Lair:1:   layout_cave_pods, serial_bayou_pond_c, uniq_gastronok, uniq_erica,
          uniq_amaemon
Lair:2:   layout_chaotic_city, spider_nest_entry_rubble
Lair:3:   gammafunk_lair_enchanted_lake, layout_chaotic_city,
          minmay_swamp_entry_worms, serial_bayou_shore_b,
          infiniplex_staircase_pool
Lair:4:   layout_regular_city, nicolae_slime_entry_slimehenge,
          gammafunk_ghost_hive, gauntlet_entry_generic, portal_ice_cave_rime,
          wad_woods_river_04, serial_bayou_pond_e, uniq_nessos
IceCv:    ice_cave_statue_garden_chambered

Skill      XL: |  1  2  3  4  5  6  7  8  9 10 11 |
---------------+----------------------------------+-----
Maces & Flails | 3 4 5 7 8 10 11 | 11.6
Fighting       | 4 5 6 7 8 9 |  9.5
Armour         | 4 5 6 7 8 9 |  9.5
Shields        | 5 6 7 8 10 11 | 11.0
Invocations    | 2 |  2.5

Action                   |  1- 3 |  4- 6 |  7- 9 | 10-12 || total
-------------------------+-------+-------+-------+-------++-------
Melee: Flail             |   115 |   168 |   348 |   267 ||   898
 Abil: Dig               |       |     1 |       |     1 ||     2
       Shaft Self        |       |     1 |       |       ||     1
Evoke: Wand              |       |       |     2 |    16 ||    18
  Use: Scroll            |       |     6 |     2 |     6 ||    14
       Potion            |       |       |       |     6 ||     6
Armor: Scale mail        |    52 |   100 |   218 |   134 ||   504
Dodge: Dodged            |    65 |    72 |   168 |   148 ||   453
       Repelled          |       |       |     2 |     2 ||     4
Block: Buckler           |    39 |    40 |   118 |   101 ||   298
